 Dungeon Crawl Stone Soup version 0.29.1-15-g9cfb28693d (webtiles) character file.

Game seed: 5515058818177274147

331 Arctor the Insei (level 6, -5/51 HPs)
             Began as a Draconian Transmuter on Feb 22, 2023.
             Killed by divine providence
             ... invoked by an orc priest
              (9 damage)
             ... on level 4 of the Dungeon.
             The game lasted 00:07:12 (4504 turns).

Arctor the Insei (Draconian Transmuter)             Turns: 4504, Time: 00:07:13

Health: -5/51      AC:  9    Str: 11    XL:     6   Next: 26%
Magic:  18/19      EV: 12    Int: 17    God:
Gold:   191        SH:  0    Dex: 13    Spells: 7/11 levels left

rFire   . . .      SeeInvis .   h - +8 trident "Xaor" {vorpal, Fly rN++}
rCold   . . .      Faith    .   (no shield)
rNeg    + + .      Spirit   .   (body armour unavailable)
rPois   .          Reflect  .   (helmet currently unavailable)
rElec   .          Harm     .   d - +2 cloak
rCorr   .          Rampage  .   (no gloves)
Will    .....                   (boots currently unavailable)
Stlth   +.........              (no amulet)
HPRegen 0.17/turn               g - ring of magical power
MPRegen 0.16/turn               (no ring)

@: brilliant, appendages, flying, hasted, unable to drink, very quick
A: horns 2, talons 2, AC +6, unfitting armour, cold-blooded, clever 1, inability
to drink after injury 1
a: End Transformation


You were on level 4 of the Dungeon.
You had temporarily grown beastly horns and talons.
You visited 1 branch of the dungeon, and saw 4 of its levels.

You collected 191 gold pieces.

Inventory:

Hand Weapons
 a - the +4 sling of the Riding Gods {speed, Str+7}
   (You found it on level 2 of the Dungeon)

   Attacks with this weapon are significantly faster.
   Str:       It affects your strength (+7).
 b - a +3 dagger of venom
 h - the +8 trident "Xaor" (weapon) {vorpal, Fly rN++}
   (You found it on level 4 of the Dungeon)

   It inflicts extra damage upon your enemies.
   rN:        It greatly protects you from negative energy.
   Fly:       It grants you flight.
 u - the +3 whip "Orb Guardian's Curse" {drain, Int+5 Stlth+}
   (You found it on level 3 of the Dungeon)

   A truly terrible weapon, it drains the life of any living foe it strikes.
   Int:       It affects your intelligence (+5).
   Stlth:     It makes you more stealthy.
Armour
 d - a +2 cloak (worn)
Magical Staves
 f - a staff of fire
Jewellery
 g - a ring of magical power (left hand)
 q - a ring of ice
Wands
 p - a wand of flame (27)
Scrolls
 c - a scroll of enchant armour
 j - 2 scrolls of noise
 k - 4 scrolls of teleportation
 m - a scroll of poison
 s - a scroll of enchant weapon
 v - a scroll of identify
Potions
 e - a potion of flight
 l - 5 potions of lignification
 r - 2 potions of cancellation {unknown}
 t - a potion of might {unknown}


   Skills:
 + Level 3.0 Fighting
 + Level 0.4 Polearms
 + Level 1.6 Ranged Weapons
 - Level 1.7 Dodging
 - Level 4.7 Unarmed Combat
 + Level 3.1 Spellcasting
 - Level 3.2 Transmutations


You had 7 spell levels left.
You knew the following spells:

 Your Spells              Type           Power      Damage    Failure   Level
a - Beastly Appendage     Tmut           40%        N/A       4%          1
b - Spider Form           Tmut/Pois      12%        N/A       26%         3

Your spell library contained the following spells:

 Spells                   Type           Power      Damage    Failure   Level
 Wereblood                Tmut           20%        N/A       7%          2
 Ice Form                 Ice/Tmut       12%        N/A       65%         4


Dungeon Overview and Level Annotations

Branches:
Dungeon (4/15)
 Temple: D:4-7

Altars:
Trog
Vehumet
Xom


Innate Abilities, Weirdness & Mutations

You have temporarily grown beastly horns and talons.
Your plain brown scales are hard. (AC +6)
You cannot fit into any form of body armour.
You are cold-blooded and may be slowed by cold attacks.
Your mind is acute. (Int +4, Str/Dex -1)
You occasionally lose the ability to drink potions when taking damage.


Message History

It is a scroll of enchant weapon.
Your +2 dagger of venom glows red for a moment.
The water moccasin bites you but does no damage.
It was a potion of mutation.
You feel extremely strange.
You feel clever.
You occasionally lose the ability to drink potions when taking damage.
The water moccasin bites you.
It was a potion of brilliance.
You feel clever all of a sudden.
The water moccasin bites you but does no damage.
The water moccasin bites you!
It was a potion of haste.
You feel yourself speed up. The water moccasin closely misses you.
Casting: Beastly Appendage (safe; 4% risk of failure)
Confirm with . or Enter, or press ? or * to list all spells.
You feel a surge of power!
You grow a pair of large bovine horns.
Your feet morph into talons.
The water moccasin closely misses you.
You puncture the water moccasin!
You claw the water moccasin, but do no damage.
The water moccasin is severely wounded.
The water moccasin barely misses you. x2
You closely miss the water moccasin.
You headbutt the water moccasin, but do no damage.
You tail-slap the water moccasin.
The water moccasin is almost dead.
The orc priest mumbles some strange prayers to Beogh against you.
Beogh smites you! The water moccasin closely misses you.
You hit the water moccasin but do no damage.
The water moccasin is almost dead.
The orc priest looks braver for a moment.
The orc priest mumbles some strange prayers to Beogh against you.
Beogh smites you!
* * * LOW HITPOINT WARNING * * *
The water moccasin bites you!
You feel threatened and lose the ability to drink potions!
* * * LOW HITPOINT WARNING * * *
The orc priest mumbles some strange prayers to Beogh against you.
Beogh smites you!
You die...

#### ### ############
#/..## ..#
#..........###.....## ..#
#..........##.......# ..#
#..........##.......#
..#####..........##S......#
................@S.oo......
..#######...#######oo......
..#####....##### #........
#.............># .........
.#####......... ........##
...#......)#.#.....o.....#
.............# .....o###...
###......<.#b##......# ###
###........#..#.....<.


You could see a water moccasin, 2 orc priests, 2 orcs and a ball python.

Vanquished Creatures
  A necrophage (D:4)
  An orc priest (D:3)
  Ijyb (D:4)
  Terence (D:2)
  Natasha (thrice) (D:2)
  4 adders (D:3)
  2 worms (D:4)
  A dart slug (D:1)
  3 orcs
  5 ball pythons
  6 bats
  5 endoplasms
  A giant cockroach (D:3)
  5 goblins
  5 hobgoblins
  7 jackals
  5 quokkas
  2 frilled lizards
  6 kobolds
  5 rats
69 creatures vanquished.

Notes
Turn   | Place    | Note
-------+----------+-------------------------------------------
     0 | D:1      | Arctor the Draconian Transmuter began the quest for the
                  | Orb.
     0 | D:1      | Reached XP level 1. HP: 16/16 MP: 3/3
   157 | D:1      | Reached XP level 2. HP: 15/23 MP: 5/5
   421 | D:1      | Found a faded altar of an unknown god.
   798 | D:1      | Reached skill level 4 in Unarmed Combat
  1054 | D:2      | Noticed Terence
  1068 | D:2      | Killed Terence
  1069 | D:2      | Reached XP level 3. HP: 10/28 MP: 6/6
  1424 | D:2      | Learned a level 3 spell: Spider Form
  1507 | D:2      | Identified the +4 sling of the Riding Gods {speed, Str+7}
  1773 | D:2      | Noticed Natasha
  1783 | D:2      | Killed Natasha
  1784 | D:2      | Reached XP level 4. HP: 28/36 MP: 4/7
  1923 | D:2      | Noticed Natasha
  1934 | D:2      | Killed Natasha
  2198 | D:2      | Noticed Natasha
  2209 | D:2      | Killed Natasha
  2422 | D:2      | Reached XP level 5. HP: 41/41 MP: 8/8
  2445 | D:3      | Found a radiant altar of Vehumet.
  2779 | D:3      | Found a bloodstained altar of Trog.
  2844 | D:3      | Identified the +3 whip "Orb Guardian's Curse" {drain, Int+5
                  | Stlth+}
  3160 | D:4      | Reached skill level 1 in Ranged Weapons
  4061 | D:4      | Reached XP level 6. HP: 35/50 MP: 10/10
  4156 | D:4      | Identified the +8 trident "Xaor" {vorpal, Fly rN++}
  4164 | D:4      | Found a shimmering altar of Xom.
  4298 | D:4      | Noticed Ijyb
  4311 | D:4      | Killed Ijyb
  4490 | D:4      | Noticed a water moccasin
  4497 | D:4      | Gained mutation: Your mind is acute. (Int +4, Str/Dex -1)
                  | [potion of mutation]
  4497 | D:4      | Gained mutation: You occasionally lose the ability to drink
                  | potions when taking damage. [potion of mutation]
  4504 | D:4      | Killed from afar by an orc priest

Illustrated notes

Levels and vault maps discovered:
D:1:      grunt_arrival_lava_bath, layout_basic, basic_ecumenical_altar
D:2:      layout_basic, feat_on_display, uniq_terence, uniq_natasha
D:3:      layout_basic, mainiacjoe_overflow_paths, trog_butcher_becter,
          hangedman_decor_clover_reticule
D:4:      minmay_wonky_spiral, layout_rooms, xom_butterflies, uniq_ijyb

Skill      XL: |  1  2  3  4  5  6 |
---------------+-------------------+-----
Unarmed Combat | 4 |  4.7
Fighting       | 2 3 |  3.0
Ranged Weapons | 1 |  1.6
Transmutations | 3 |  3.2
Spellcasting   | 3 |  3.1
Polearms       | |  0.4
Dodging        | |  1.7

Action                   |  1- 3 |  4- 6 || total
-------------------------+-------+-------++-------
Melee: Unarmed           |    40 |     7 ||    47
       Tailslap          |     6 |     6 ||    12
       Dagger            |    40 |    40 ||    80
       Headbutt          |     2 |     8 ||    10
       Punch             |     1 |     2 ||     3
       Kick              |     1 |     9 ||    10
       Trident           |       |    28 ||    28
 Fire: Sling             |    22 |    39 ||    61
 Cast: Beastly Appendage |     3 |     8 ||    11
       Spider Form       |     1 |     1 ||     2
  Use: Potion            |     1 |     3 ||     4
       Scroll            |       |     7 ||     7
 Stab: Sleeping          |     1 |     1 ||     2
Armor: Skin              |    32 |    35 ||    67
Dodge: Dodged            |    61 |    72 ||   133
